 Dungeon Crawl Stone Soup version 0.24.0-29-g8ce449bc06 (webtiles) character file.

Game seed: 5918866587561971558, levelgen mode: deterministic

49 Descartes the Insei (level 3, 0/17 HPs)
             Began as a Vine Stalker Transmuter on Nov 14, 2019.
             Slain by an adder (1 damage)
             ... on level 2 of the Dungeon.
             The game lasted 00:02:13 (2214 turns).

Descartes the Insei (Vine Stalker Transmuter)       Turns: 2214, Time: 00:02:13

Health: 0/17       AC:  2    Str: 12    XL:     3   Next: 77%
Magic:  0/7        EV: 12    Int: 14    God:
Gold:   53         SH:  0    Dex: 14    Spells: 5/6 levels left

rFire    . . .     SeeInvis .     - Unarmed
rCold    . . .     Gourm    .   (no shield)
rNeg     . . .     Faith    .   b - +0 robe
rPois    .         Spirit   +   (no helmet)
rElec    .         Reflect  .   (no cloak)
rCorr    .         Harm     .   (no gloves)
MR       .....                  (no boots)
Stlth    +.........             (no amulet)
HPRegen  0.05/turn              (no ring)
MPRegen  0.10/turn              (no ring)

@: no status effects
A: fangs 2, magic shield, antimagic bite, no potion heal 3, rot immunity
a: no special abilities


You were on level 2 of the Dungeon.
You were not hungry.

You visited 1 branch of the dungeon, and saw 2 of its levels.

You collected 53 gold pieces.

Inventory:

Missiles
 a - 69 arrows
 c - 55 stones (quivered)
Armour
 b - a +0 robe (worn)
Scrolls
 e - a scroll of identify {unknown}
 f - 2 scrolls of remove curse {unknown}
 g - a scroll of blinking {unknown}
 h - a scroll of enchant weapon {unknown}
 i - 5 scrolls of teleportation {unknown}
 l - 2 scrolls of random uselessness {unknown}
 n - a scroll of fear {unknown}
Potions
 j - a potion of flight {unknown}
 k - a potion of curing
 o - a potion of heal wounds {unknown}
Comestibles
 d - 4 rations


   Skills:
 - Level 0.8 Fighting
 - Level 1.5 Dodging
 + Level 4.6 Unarmed Combat
 - Level 2.1 Spellcasting
 - Level 2.0 Transmutations


You had 5 spell levels left.
You knew the following spells:

 Your Spells              Type           Power        Failure   Level  Hunger
a - Beastly Appendage     Tmut           #.....       11%         1    #......

Your spell library contained the following spells:

 Spells                   Type           Power        Failure   Level  Hunger
 Sticks to Snakes         Tmut           #.......     16%         2    ###....
 Spider Form              Tmut/Pois      #.........   43%         3    ###....
 Ice Form                 Ice/Tmut       #.......     83%         4    #####..
 Blade Hands              Tmut           #.........   96%         5    ######.


Dungeon Overview and Level Annotations

Branches:
Dungeon (2/15)

Altars:
Nemelex Xobeh


Innate Abilities, Weirdness & Mutations

You have extremely sharp teeth.
When hurt, damage is shared between your health and your magic reserves.
Your bite disrupts and absorbs the magic of your enemies.
Potions cannot restore your health.
You are immune to rotting.


Message History

* * * LOW HITPOINT WARNING * * *
You barely miss the adder.
You feel sick. The adder bites you.
* * * LOW HITPOINT WARNING * * *
You hit the adder but do no damage. The adder misses you.
You closely miss the adder. Your bite misses the adder.
The adder closely misses you.
You barely miss the adder. Your bite misses the adder.
The adder barely misses you.
You miss the adder. Your bite misses the adder. The adder misses you.
The adder bites you.
* * * LOW HITPOINT WARNING * * *
It was a potion of curing.
Your system rejects the healing.
You feel better. The adder bites you.
You punch the adder!
The adder is almost dead.
The adder closely misses you.
You closely miss the adder. Your bite misses the adder.
The adder is almost dead.
The adder bites you.
You die...

### .. # #.
#...##.###
#.......#
.....#.#.#######
### #..hhrS@..#
#...##h#####.#
..#.. #.#####.#
#.r #.......# h.
#######.# .h.
#.# #.# #.# #.#


You could see an adder, a quokka and 3 jackals.

Vanquished Creatures
  A worm (D:2)
  3 dart slugs
  2 leopard geckos
  3 giant cockroaches
  2 goblins (D:1)
  8 hobgoblins (D:1)
  A jackal (D:2)
  5 kobolds
  3 bats (D:1)
  8 rats
36 creatures vanquished.

Notes
Turn   | Place    | Note
-------+----------+-------------------------------------------
     0 | D:1      | Descartes the Vine Stalker Transmuter began the quest for
                  | the Orb.
     0 | D:1      | Reached XP level 1. HP: 9/9 MP: 4/4
    92 | D:1      | Reached XP level 2. HP: 2/14 MP: 6/6
  1016 | D:1      | Reached skill level 4 in Unarmed Combat
  1056 | D:1      | Reached XP level 3. HP: 17/17 MP: 7/7
  1585 | D:1      | Found a sparkling altar of Nemelex Xobeh.
  2214 | D:2      | Slain by an adder

Levels and vault maps discovered:
D:1:      dpeg_arrival_signposts, layout_loops_ring, minmay_misc_feat_iff,
          serial_park_tiny_1, nemelex_diamond_rough_becter
D:2:      layout_basic, overflow_temple_1_default, vehumet_crystals

Skill      XL: |  1  2 |
---------------+-------+-----
Unarmed Combat | 4 |  4.6
Fighting       | |  0.8
Dodging        | |  1.5
Spellcasting   | |  2.1
Transmutations | |  2.0

Action                   || total
-------------------------++-------
Melee: Unarmed           ||   145
       Bite              ||    25
       Punch             ||     1
  Use: Potion            ||     1
 Stab: Sleeping          ||     1
  Eat: Chunk             ||     4
Armor: Robe              ||    27
Dodge: Dodged            ||   111
